 Dungeon Crawl Stone Soup version 0.30.1-11-g7821555f0a (webtiles) character file.

Game seed: 16986847683287852564

758 cowcol the Cleaver (level 7, 0/59 HPs)
             Began as a Minotaur Fighter on Nov 25, 2023.
             Slain by an orc priest
             ... wielding a +0 trident
              (3 damage)
             ... on level 5 of the Dungeon.
             The game lasted 00:10:42 (3719 turns).

cowcol the Cleaver (Minotaur Fighter)               Turns: 3719, Time: 00:10:44

Health: 0/59       AC: 10    Str: 23    XL:     7   Next: 50%
Magic:  6/6        EV:  9    Int:  5    God:
Gold:   166        SH:  0    Dex:  9    Spells: 6/6 levels left

rFire   . . .        a - +0 war axe (heavy)
rCold   . . .        c - +0 buckler
rNeg    . . .        b - +0 scale mail
rPois   .            (helmet restricted)
rElec   .            (no cloak)
rCorr   .            h - +0 pair of gloves
SInv    .            i - +0 pair of boots
Will    .....        (no amulet) Stlth
                     (no ring)
HPRegen 0.29/turn    (no ring)
MPRegen 0.10/turn

%: no passive effects
@: confused, mighty
A: horns 2, retaliatory headbutt
a: no special abilities


You were on level 5 of the Dungeon.
You visited 2 branches of the dungeon, and saw 6 of its levels.

You collected 328 gold pieces.
You spent 162 gold pieces at shops.

Inventory:

Hand Weapons
 a - a +0 heavy war axe (weapon)
 t - a +1 mace of holy wrath
Armour
 b - a +0 scale mail (worn)
 c - a +0 buckler (worn)
 h - a +0 pair of gloves (worn)
 i - a +0 pair of boots (worn)
 o - a +0 plate armour
Wands
 r - a wand of digging (3)
Scrolls
 e - a scroll of identify
 n - 2 scrolls of immolation
 p - a scroll of fog
Potions
 f - 2 potions of resistance {unknown}
 g - a potion of flight {unknown}
 j - a potion of cancellation {unknown}
 k - 3 potions of ambrosia
 l - 3 potions of magic
 m - 3 potions of curing {unknown}
 q - a potion of brilliance {unknown}
 s - 2 potions of attraction {unknown}


   Skills:
 - Level 4.0 Fighting
 + Level 8.4 Axes
 + Level 0.6 Throwing
 + Level 6.7 Armour
 - Level 3.6 Shields


You had 6 spell levels left.
You didn't know any spells.
Your spell library contained the following spells:

 Spells                   Type           Power      Damage    Failure   Level
 Lesser Beckoning         Tloc           0%         N/A       92%         2
 Gell's Gravitas          Tloc           0%         N/A       99%         3
 Teleport Other           Tloc           0%         N/A       99%         3


Dungeon Overview and Level Annotations

Branches:
Dungeon (5/15)             Temple (1/1) D:4

Altars:
Ashenzari
Cheibriados
Dithmenos
Elyvilon
Fedhas
Hepliaklqana
Kikubaaqudgha
Makhleb
Nemelex Xobeh
Qazlal
Ru
Sif Muna
Trog
Uskayaw
Vehumet
Wu Jian
Xom
Zin
The Shining One

Shops:
D:5 (


Innate Abilities, Weirdness & Mutations

You have a pair of horns on your head.
You reflexively headbutt those who attack you in melee.


Message History

The orc shouts!
The orc priest calls down the wrath of Beogh upon you.
Beogh smites you!
The orc priest invokes the aid of Beogh against you.
Beogh smites you! The hound bites you but does no damage.
The orc wizard gestures wildly while chanting.
The orc wizard flickers and vanishes!
Deactivating autopickup; reactivate with Ctrl-A.
You feel very mighty all of a sudden. The hound bites you but does no damage.
You hear some strange, mumbled words.
You are more confused.
The hound barely misses you.
You're too confused to move!
The hound closely misses you.
The orc priest invokes the aid of Beogh against you.
Beogh smites you!
You're too confused to move!
The hound bites you. Something hits you but does no damage.
The orc priest casts a cantrip, but nothing happens.
The orc hits you with a +0 flail!
* * * LOW HITPOINT WARNING * * *
The hound bites you.
* * * LOW HITPOINT WARNING * * *
You bump into the rock wall.
The hound bites you but does no damage.
The orc priest hits you but does no damage.
Something hits you but does no damage. The orc closely misses you.
You barely miss the hound. You miss the orc. You miss something.
The hound bites you but does no damage.
The orc priest hits you from afar with a +0 trident.
* * * LOW HITPOINT WARNING * * *
You hear some strange, mumbled words.
A magic dart appears from out of thin air!
The magic dart hits you.
* * * LOW HITPOINT WARNING * * *
The orc hits you with a +0 flail.
* * * LOW HITPOINT WARNING * * *
The hound completely misses you.
The orc priest hits you from afar with a +0 trident.
You die...

#............
#............
#............
#............
#...∩........
#............
+.......#####
#.......#
#@{.....#
#oh.....#
#o.o....#
#.......#
#.......#
#.......#
#.......#
#.......#
+.......#


You could see a hound, 2 orc priests and an orc.

Vanquished Creatures
  2 ice beasts (D:5)
  A black bear (D:5)
  An ogre (D:4)
  3 scorpions
  An iguana (D:4)
  Ijyb (D:4)
  2 orc wizards (D:4)
  4 adders
  3 dart slugs
  7 orcs
  6 ball pythons
  7 endoplasms
  A giant cockroach (D:3)
  5 goblins
  7 hobgoblins
  13 jackals
  6 quokkas
  4 bats
  3 frilled lizards
  4 kobolds
  4 rats
85 creatures vanquished.

Notes
Turn   | Place    | Note
-------+----------+-------------------------------------------
     0 | D:1      | cowcol the Minotaur Fighter began the quest for the Orb.
     0 | D:1      | Reached XP level 1. HP: 19/19 MP: 0/0
   201 | D:1      | Reached XP level 2. HP: 27/27 MP: 1/1
   344 | D:1      | Reached skill level 3 in Axes
   417 | D:1      | Reached XP level 3. HP: 28/33 MP: 2/2
   963 | D:2      | Found a faded altar of an unknown god.
  1082 | D:3      | Reached XP level 4. HP: 40/40 MP: 3/3
  1183 | D:3      | Reached skill level 4 in Axes
  2061 | D:4      | Noticed a scorpion
  2065 | D:3      | Killed a scorpion
  2066 | D:3      | Reached skill level 5 in Axes
  2066 | D:3      | Reached skill level 5 in Armour
  2066 | D:3      | Reached XP level 5. HP: 45/46 MP: 4/4
  2139 | D:4      | Found a blossoming altar of Fedhas.
  2147 | D:4      | Noticed an ogre
  2165 | D:4      | Killed an ogre
  2166 | D:4      | Reached skill level 6 in Axes
  2508 | D:4      | Found a staircase to the Ecumenical Temple.
  2517 | D:4      | Reached XP level 6. HP: 51/52 MP: 5/5
  2534 | Temple   | Entered the Ecumenical Temple
  2798 | D:4      | Noticed Ijyb
  2805 | D:4      | Killed Ijyb
  2894 | D:4      | Reached skill level 7 in Axes
  3197 | D:5      | Entered Level 5 of the Dungeon
  3271 | D:5      | Reached XP level 7. HP: 29/59 MP: 6/6
  3449 | D:5      | Reached skill level 8 in Axes
  3697 | D:5      | Found Isofaesu's Antique Weapon Shoppe.
  3708 | D:5      | Bought a runed mace for 162 gold pieces
  3719 | D:5      | Slain by an orc priest

Illustrated notes

Levels and vault maps discovered:
D:1:      saegor_arrival_simple_e, layout_basic
D:2:      layout_rooms, shapermc_ecumenical_altar_flowoftime
D:3:      layout_loops_ring, minmay_misc_feat_cross, nrook_mini_vaults
D:4:      layout_gridville, nicolae_overflow_crystal_walls,
          minmay_temple_entry_arrows, uniq_ijyb
D:5:      layout_gridville, serial_shops, shop
Temple:   dpeg_three_leaves_temple

Skill      XL: |  1  2  3  4  5  6  7 |
---------------+----------------------+-----
Fighting       | 4 |  4.0
Armour         | 4 5 6 |  6.7
Axes           | 3 5 6 7 8 |  8.4
Throwing       | |  0.6
Shields        | |  3.6

Action                     |  1- 3 |  4- 6 |  7- 9 || total
---------------------------+-------+-------+-------++-------
  Melee: War axe           |    74 |    79 |    21 ||   174
         Headbutt          |     5 |     8 |     3 ||    16
  Throw: Boomerang         |       |     6 |     1 ||     7
    Use: Scroll            |     3 |     6 |     2 ||    11
         Potion            |       |     1 |     1 ||     2
 Armour: Scale mail        |    52 |    43 |    23 ||   118
  Dodge: Dodged            |    52 |    51 |    10 ||   113
  Block: Buckler           |    20 |    31 |     3 ||    54
